 Dungeon Crawl Stone Soup version 0.29-a0-284-gf9362112df (webtiles) character file.

Game seed: 3861013051392313151

25 sammy202020 the Covered (level 3, 0/23 HPs)
             Began as a Gargoyle Fighter on Mar 18, 2022.
             Slain by a crimson imp (2 damage)
             ... summoned by Natasha
             ... on level 2 of the Dungeon.
             The game lasted 00:01:31 (1167 turns).

sammy202020 the Covered (Gargoyle Fighter)          Turns: 1167, Time: 00:01:32

Health: 0/23       AC: 10    Str: 19    XL:     3   Next: 6%
Magic:  3/3        EV:  9    Int: 10    God:
Gold:   82         SH:  4    Dex:  9    Spells: 2/2 levels left

rFire   . . .      SeeInvis .   a - +0 flail
rCold   . . .      Faith    .   c - +0 buckler
rNeg    + . .      Spirit   .   b - +0 scale mail
rPois   ∞          Reflect  .   (no helmet)
rElec   +          Harm     .   (no cloak)
rCorr   .          Rampage  .   (no gloves)
Will    .....                   (no boots)
Stlth   ..........              (no amulet)
HPRegen 0.07/turn               (no ring)
MPRegen 0.08/turn               (no ring)

@: mighty
A: sickness immunity, AC +3, negative energy resistance 1, electricity
resistance, torment resistance 1, petrification resistance
a: no special abilities


You were on level 2 of the Dungeon.
You visited 1 branch of the dungeon, and saw 2 of its levels.

You collected 82 gold pieces.

Inventory:

Hand Weapons
 a - a +0 flail (weapon)
Armour
 b - a +0 scale mail (worn)
 c - a +0 buckler (worn)
Scrolls
 f - 2 scrolls of identify {unknown}
 h - 2 scrolls of teleportation {unknown}
 i - 2 scrolls of summoning {unknown}
Potions
 e - a potion of curing {unknown}
 g - a potion of ambrosia {unknown}
 j - 2 potions of lignification {unknown}


   Skills:
 * Level 3.6 Fighting
 * Level 2.3 Maces & Flails
 * Level 3.6 Armour
 + Level 0.3 Dodging
 * Level 3.6 Shields


You had 2 spell levels left.
You didn't know any spells.
Your spell library was empty.

Dungeon Overview and Level Annotations

Branches:
Dungeon (2/15)

Altars:

Annotations:
D:2 Natasha


Innate Abilities, Weirdness & Mutations

You are immune to sickness and miasma.
Your stone body is resilient. (AC +3)
You are immune to poison.
You resist negative energy. (rN+)
You are resistant to electric shocks. (rElec)
You are resistant to unholy torment.
You are immune to petrification.


Message History

You hit the iron imp.
The iron imp is moderately wounded.
You block the iron imp's attack.
You closely miss the iron imp.
The iron imp is moderately wounded.
The iron imp hits you.
Natasha howls an incantation.
Natasha glows brightly for a moment.
You hit the iron imp.
The iron imp is moderately wounded.
The iron imp hits you!
* * * LOW HITPOINT WARNING * * *
Natasha mumbles some strange words.
You closely miss the iron imp.
The iron imp is moderately wounded.
The iron imp hits you.
* * * LOW HITPOINT WARNING * * *
Sorry, you're not good enough to have a special ability.
Unknown command.
Sorry, you're not good enough to have a special ability.
You feel very mighty all of a sudden. The iron imp barely misses you.
The crimson imp shouts, "Give up, thou goatish shard-borne vassal!"
You closely miss the iron imp.
The iron imp is moderately wounded.
The iron imp hits you but does no damage.
You sock the iron imp!
You kill the iron imp!
The iron imp disappears in a puff of smoke!
The white imp barely misses you.
You closely miss the white imp. You miss the crimson imp.
The crimson imp barely misses you.
Natasha casts a spell.
You closely miss the crimson imp.
The crimson imp hits you but does no damage.
You completely miss the crimson imp.
The crimson imp shouts, "Decamp, thou rank ruttish bootlicker!"
The crimson imp hits you but does no damage.
The crimson imp hits you.
You die...

.[ ..# #.#### ..#
#.....#######+#..#
#... $...........#
...#...$.......#
##.#....(....$.#
##.#....<######.[.#
............h5@...#
###$........5##.......
.............# #......
.............+ >.....
.............# #####
###..!.......#
#.$........#
#..........#


You could see Natasha and 2 crimson imps.

Vanquished Creatures
  3 dart slugs (D:1)
  2 endoplasms (D:1)
  A goblin (D:1)
  A hobgoblin (D:1)
  4 jackals (D:2)
  A quokka (D:1)
  A ball python (D:1)
  3 bats (D:1)
  A kobold (D:1)
  2 rats (D:1)
19 creatures vanquished.

Notes
Turn   | Place    | Note
-------+----------+-------------------------------------------
     0 | D:1      | sammy202020 the Gargoyle Fighter began the quest for the
                  | Orb.
     0 | D:1      | Reached XP level 1. HP: 14/14 MP: 1/1
   248 | D:1      | Reached XP level 2. HP: 12/19 MP: 2/2
  1121 | D:2      | Noticed Natasha
  1127 | D:2      | Noticed a crimson imp
  1136 | D:2      | Reached XP level 3. HP: 19/23 MP: 3/3
  1167 | D:2      | Slain by a crimson imp

Illustrated notes

Levels and vault maps discovered:
D:1:      dpeg_arrival_orchard, layout_loops_ring
D:2:      layout_basic, uniq_natasha, uniq_jessica, uniq_robin

Action                   || total
-------------------------++-------
Melee: Flail             ||    88
  Use: Potion            ||     1
Armor: Scale mail        ||    55
Dodge: Dodged            ||    51
Block: Buckler           ||    17

Table legend: (Time is in decaauts)
 A = Elapsed time spent in this place.
 B = Non-inter-level travel time spent in this place.
 C = Inter-level travel time spent in this place.
 D = Time resting spent in this place.
 E = Time spent auto-exploring this place.
 F = Levels seen in this place.
 G = Mean time per level.
                   A        B        C        D        E       F      G
               +--------+--------+--------+--------+--------+-----+--------+
         Total |   1195 |   1145 |     50 |      0 |    908 |   2 |  597.5 |
       Dungeon |   1195 |   1145 |     50 |      0 |    908 |   2 |  597.5 |
               +--------+--------+--------+--------+--------+-----+--------+

Top non-repeatable levels by time:
     D:1: 1137 daAuts
     D:2: 57 daAuts
